Map: Ulrena

Players

rotab - Winner!

  • Race: Zerg Zerg
  • League: Grandmaster

Miszu

  • Race: Terran Terran
  • League: Grandmaster

VOD

Have the link to the VOD?

Description

Time

  • Played on: May 17, 2016, 12:06 p.m.
  • Length: 12:16
Show
View Real Time Build Order
Export as new Build Order

rotab Zerg - Winner!

Build Orders: Pool First 

Get SALT Encoding   

  12  0:01  Drone  
  13  0:08  Drone  
  14  0:17  Overlord  
  14  0:25  Extractor, Drone  
  15  0:38  Spawning Pool  
  15  0:41  Drone  
  15  0:44  Drone  
  15  0:48  Drone  
  17  1:10  Hatchery  
  16  1:13  Drone  
  17  1:25  Queen  
  17  1:28  Drone  
  17  1:29  Extractor  
  17  1:31  Zergling x2  
  20  1:34  Drone  
  21  1:40  Overlord  
  21  1:50  Drone  
  22  2:00  Drone  
  22  2:01  Queen  
  25  2:12  Drone  
  26  2:22  Queen  
  28  2:23  Drone x2  
  30  2:34  Metabolic Boost  
  30  2:39  Drone  
  30  2:40  Drone x3  
  30  2:41  Overlord  
  34  2:49  Overlord  
  34  2:53  Drone  
  34  2:54  Drone  
  36  3:07  Drone  
  36  3:08  Drone  
  36  3:09  Hatchery  
  37  3:13  Drone  
  37  3:14  Drone x2  
  40  3:20  Queen  
  40  3:23  Drone  
  40  3:26  Drone  
  44  3:27  Drone  
  44  3:28  Drone  
  46  3:35  Roach Warren  
  46  3:36  Drone  
  46  3:38  Zergling x2  
  47  3:42  Spine Crawler  
  47  3:47  Overlord, Evolution Chamber  
  45  3:51  Spore Crawler  
  45  3:54  Spore Crawler  
  43  3:56  Drone x2  
  44  4:04  Spore Crawler  
  44  4:07  Drone x3  
  44  4:08  Drone x2  
  49  4:13  Extractor  
  49  4:14  Zerg Ground Armor Level 1  
  49  4:16  Drone  
  49  4:20  Extractor  
  48  4:25  Queen  
  48  4:28  Roach  
  52  4:32  Drone x3  
  52  4:35  Drone  
  52  4:36  Drone  
  57  4:42  Roach x2  
  61  4:49  Drone  
  61  4:50  Drone  
  61  4:51  Drone  
  61  4:52  Drone  
  64  4:54  Overlord  
  64  4:58  Extractor  
  64  4:59  Drone  
  64  5:00  Lair  
  64  5:01  Drone  
  65  5:08  Overlord  
  65  5:09  Overlord  
  65  5:18  Queen  
  65  5:20  Drone  
  68  5:21  Drone  
  68  5:22  Drone x2  
  68  5:23  Drone  
  68  5:25  Overlord  
  68  5:26  Spore Crawler  
  71  5:28  Drone  
  71  5:30  Drone  
  73  5:37  Overlord  
  73  5:40  Roach  
  73  5:41  Roach x2  
  79  5:45  Roach x2  
  79  5:48  Roach  
  79  5:49  Ravager  
  86  5:51  Ravager  
  86  5:52  Roach  
  86  5:54  Roach  
  88  6:12  Drone x3  
  88  6:13  Ravager x3  
  88  6:14  Overlord  
  88  6:15  Drone x4  
  98  6:19  Infestation Pit  
  93  6:33  Drone  
  93  6:34  Drone x2  
  93  6:35  Drone x3  
  93  6:39  Drone x4  
  100  6:43  Drone x3  
  100  6:45  Zerg Missile Weapons Level 1  
  104  6:47  Drone x2  
  104  6:49  Extractor  
  104  6:51  Extractor  
  104  6:52  Roach  
  105  7:02  Glial Reconstitution  
  105  7:05  Overlord  
  105  7:10  Spire  
  105  7:14  Overlord x3  
  104  7:19  Overlord x2  
  104  7:23  Spine Crawler  
  104  7:27  Overlord x2  
  103  7:32  Drone x4  
  103  7:33  Spore Crawler  
  103  7:36  Roach x2  
  110  7:39  Drone x2  
  110  7:40  Zergling x2, Hatchery  
  110  7:41  Zergling x2  
  110  7:42  Queen  
  115  7:44  Infestor  
  115  7:53  Infestor x2  
  119  8:01  Drone x2  
  119  8:04  Hydralisk Den  
  119  8:05  Hive  
  120  8:06  Drone x2  
  121  8:13  Overlord  
  121  8:14  Overseer  
  121  8:16  Drone  
  122  8:21  Corruptor  
  122  8:22  Corruptor x2  
  127  8:43  Roach, Hatchery  
  127  8:44  Overlord, Roach x4  
  127  8:45  Extractor  
  127  8:46  Queen x2  
  139  8:51  Drone x2  
  141  8:56  Ravager x2  
  141  8:57  Roach  
  141  8:58  Corruptor x2  
  149  9:03  Muscular Augments  
  149  9:14  Zerg Missile Weapons Level 2  
  149  9:16  Drone x2  
  151  9:22  Queen  
  153  9:26  Roach  
  155  9:34  Hydralisk  
  136  10:00  Drone x2  
  136  10:02  Viper x2  
  136  10:03  Viper  
  136  10:04  Viper  
  150  10:07  Drone x4  
  150  10:09  Drone  
  150  10:10  Extractor, Spore Crawler, Drone  
  145  10:21  Overlord, Drone x3  
  145  10:23  Overlord  
  145  10:26  Hydralisk x11  
  145  10:27  Hydralisk  
  171  10:41  Hydralisk  
  171  10:42  Extractor, Hydralisk x4  
  174  10:45  Extractor, Roach x3  
  183  10:50  Roach  
  183  10:51  Roach x4  
  183  10:52  Spore Crawler  
  183  10:54  Spine Crawler  
  183  10:55  Spine Crawler  
  190  10:58  Spine Crawler  
  190  10:59  Spore Crawler, Drone x3  
  190  11:00  Overlord, Spore Crawler  
  190  11:05  Hydralisk  
  190  11:06  Hydralisk x3  
  196  11:40  Hydralisk x2  
  196  11:42  Overseer  
  196  11:43  Overseer x2  
Show
View Real Time Build Order
Export as new Build Order

Miszu Terran 

Build Orders: Reaper Expand 

Get SALT Encoding   

  12  0:00  SCV  
  13  0:12  SCV  
  14  0:17  Supply Depot  
  14  0:24  SCV  
  15  0:39  SCV  
  15  0:40  Barracks  
  16  0:44  Refinery  
  16  0:51  SCV  
  17  1:03  SCV  
  18  1:15  SCV  
  19  1:27  Orbital Command  
  19  1:28  Reaper  
  20  1:50  Command Center  
  20  1:53  SCV  
  21  1:59  Marine  
  22  2:05  SCV  
  22  2:06  Supply Depot  
  23  2:09  Factory  
  23  2:21  Refinery  
  23  2:26  Barracks Reactor  
  23  2:27  SCV  
  24  2:39  SCV  
  25  2:52  SCV  
  25  2:53  Starport  
  26  3:01  Orbital Command  
  26  3:04  SCV  
  27  3:07  Hellion x2  
  27  3:09  Barracks Tech Lab  
  31  3:16  SCV  
  32  3:27  SCV  
  33  3:28  SCV  
  33  3:30  Hellion x2  
  38  3:36  Banshee  
  38  3:39  SCV  
  42  3:42  SCV  
  43  3:49  Command Center  
  43  3:53  SCV  
  44  3:57  SCV  
  45  4:03  Refinery  
  45  4:05  Refinery, SCV  
  45  4:06  Supply Depot  
  45  4:09  SCV  
  46  4:11  Barracks Reactor  
  46  4:17  Liberator  
  46  4:21  Armory  
  46  4:28  Hellion, SCV  
  53  4:40  Supply Depot, SCV  
  53  4:41  SCV  
  53  4:43  Liberator  
  54  5:00  Liberator, SCV x2  
  54  5:02  Hellion x2  
  54  5:03  Supply Depot  
  54  5:05  Orbital Command  
  63  5:09  Terran Ship Weapons Level 1  
  63  5:12  SCV x2  
  68  5:25  Hellion, SCV x2  
  68  5:26  Liberator  
  72  5:31  Orbital Command  
  72  5:37  SCV  
  72  5:39  Supply Depot  
  72  5:41  Supply Depot  
  73  5:43  SCV  
  73  5:45  Starport  
  73  5:46  Starport  
  73  5:48  Liberator  
  77  5:58  SCV x2  
  77  6:01  SCV  
  77  6:04  Hellion x2  
  84  6:09  Fusion Core  
  84  6:10  SCV x2  
  89  6:15  Supply Depot, SCV  
  89  6:16  Supply Depot  
  90  6:22  Refinery x2  
  87  6:29  SCV, Liberator  
  87  6:31  Liberator  
  87  6:32  Starport Tech Lab, Banshee  
  85  6:36  SCV x2  
  87  6:41  SCV  
  87  6:42  Hellion x2  
  95  6:48  SCV x2  
  95  6:51  Banshee  
  95  6:53  SCV  
  104  7:00  SCV x2  
  106  7:01  Hyperflight Rotors  
  106  7:05  SCV  
  107  7:08  Supply Depot  
  107  7:09  Supply Depot  
  107  7:12  SCV x2  
  107  7:13  Liberator  
  107  7:15  Terran Ship Weapons Level 2, Banshee  
  109  7:17  SCV  
  113  7:24  SCV  
  113  7:25  SCV  
  113  7:29  SCV  
  116  7:33  Supply Depot  
  116  7:34  Supply Depot  
  116  7:35  Banshee  
  122  7:38  Hellion x2  
  122  7:39  Liberator  
  126  8:04  Starport  
  126  8:05  Starport  
  126  8:07  Command Center, Banshee  
  126  8:08  Command Center  
  129  8:13  Cloaking Field  
  129  8:18  Banshee  
  132  8:25  Supply Depot  
  132  8:28  Supply Depot  
  132  8:29  Liberator x2  
  128  8:43  Starport Tech Lab  
  128  8:44  Starport Tech Lab  
  128  8:46  Hellion x2  
  138  8:50  Banshee  
  141  9:06  Advanced Ballistics  
  141  9:07  Banshee x3  
  150  9:15  Liberator x2  
  147  9:29  Refinery  
  144  9:32  Command Center  
  144  9:36  Refinery  
  130  9:51  Banshee x3  
  130  9:52  Banshee  
  112  10:04  Hellion  
  112  10:05  Hellion, Liberator  
  110  10:25  Liberator  
  113  10:34  Banshee x3  
  122  10:39  SCV x3  
  122  10:40  Engineering Bay  
  122  10:41  Banshee  
  122  10:42  Command Center  
  131  10:48  Liberator  
  131  10:51  SCV  
  131  10:53  Hellion x2  
  136  11:01  Factory  
  136  11:02  Factory  
  136  11:03  Armory  
  136  11:08  Planetary Fortress, Orbital Command  
  139  11:13  Command Center  
  139  11:14  Hellion x2  
  139  11:16  Planetary Fortress  
  143  11:21  Refinery x2  
  143  11:32  Missile Turret x2  
  137  11:35  Hellion  
  137  11:36  Hellion  
  148  12:00  Factory Tech Lab, Factory Reactor  
Tags
 
Add a new tag
Caveats
  • Supply blocks, unpowered buildings, or Contaminate may cause inaccurate times.
  • Supply counts are checked every 10 seconds.